 Dungeon Crawl Stone Soup version 0.29-a0-350-g7790a0e70a (webtiles) character file.

Game seed: 7428997723037421067

239 HendSelp the Insei (level 6, -2/38 HPs)
             Began as an Octopode Transmuter on Apr 22, 2022.
             Slain by an orc
             ... wielding a +0 club
              (3 damage)
             ... on level 4 of the Dungeon.
             The game lasted 00:03:05 (4126 turns).

HendSelp the Insei (Octopode Transmuter)            Turns: 4126, Time: 00:03:05

Health: -2/38      AC:  1    Str: 11    XL:     6   Next: 7%
Magic:  8/10       EV: 13    Int: 16    God:
Gold:   167        SH:  0    Dex: 12    Spells: 5/11 levels left

rFire   . . .      SeeInvis .     - Unarmed
rCold   . . .      Faith    .   (no shield)
rNeg    . . .      Spirit   .   (helmet currently unavailable)
rPois   .          Reflect  .   (no amulet)
rElec   .          Harm     .   (no ring)
rCorr   .          Rampage  .   (no ring)
Will    .....                   (no ring)
Stlth   ++........              (no ring)
HPRegen 0.12/turn               (no ring)
MPRegen 0.12/turn               (no ring)
                                (no ring)
                                (no ring)

@: appendages, wereblooded
A: tentacle spike 3, almost no armour, amphibious, 8 rings, camouflage 1,
gelatinous body 1, (nimble swimmer 1), tentacles
a: End Transformation


You were on level 4 of the Dungeon.
One of your tentacles had grown a beastly spike.
You visited 1 branch of the dungeon, and saw 4 of its levels.

You collected 167 gold pieces.

Inventory:

Wands
 a - a wand of flame (2)
 c - a wand of polymorph (5)
Scrolls
 e - 3 scrolls of amnesia
 f - a scroll of teleportation
 i - 2 scrolls of immolation
Potions
 d - a potion of magic
 g - a potion of brilliance
 j - a potion of haste


   Skills:
 + Level 1.1 Fighting
 + Level 2.5 Dodging
 + Level 4.5 Unarmed Combat
 + Level 3.2 Spellcasting
 + Level 3.7 Transmutations


You had 5 spell levels left.
You knew the following spells:

 Your Spells              Type           Power      Damage    Failure   Level
a - Beastly Appendage     Tmut           28%        N/A       4%          1
b - Wereblood             Tmut           14%        N/A       6%          2
c - Spider Form           Tmut/Pois      8%         N/A       26%         3

Your spell library contained the following spells:

 Spells                   Type           Power      Damage    Failure   Level
 Ice Form                 Ice/Tmut       8%         N/A       63%         4
 Airstrike                Air            1%         N/A       88%         4
 Hailstorm                Conj/Ice       2%         3d3       88%         4
 Summon Lightning Spire   Summ/Air       2%         N/A       88%         4
 Lightning Bolt           Conj/Air       1%         1d12      99%         5
 Simulacrum               Ice/Necr       1%         N/A       100%        6


Dungeon Overview and Level Annotations

Branches:
Dungeon (4/15)
 Temple: D:4-7

Altars:

Shops:
D:1 (


Innate Abilities, Weirdness & Mutations

One of your tentacles has grown a beastly spike.
You cannot wear most types of armour.
You are amphibious.
You can wear up to eight rings at the same time.
Your skin changes colour to match your surroundings (Stealth+).
Your rubbery body absorbs attacks. (AC +1, EV +1)
((You are camouflaged when in or above water. (Stealth+)))
You have tentacles for arms and can constrict up to eight enemies at once.


Message History

The orc wizard points at you and mumbles some strange words.
You are confused.
Unknown command.
You bludgeon the orc wizard!
The orc wizard is heavily wounded.
The orc hits you with a +0 hand axe! The orc hits you with a +0 club.
The orc wizard completely misses you.
Unknown command.
You closely miss the orc wizard.
Your tentacle spike misses the orc wizard.
The orc wizard is moderately wounded.
The orc barely misses you. The orc hits you with a +0 hand axe.
The orc wizard barely misses you.
Unknown command.
You tentacle-slap the orc. You squeeze the orc.
The orc is severely wounded.
The orc barely misses you. The orc hits you with a +0 hand axe.
The orc wizard points at you and mumbles some strange words.
The puff of flame hits you!
* * * LOW HITPOINT WARNING * * *
Unknown command.
You feel better. The orc barely misses you.
The orc hits you with a +0 hand axe!
* * * LOW HITPOINT WARNING * * *
The orc wizard barely misses you.
Unknown command.
You tentacle-slap the orc but do no damage.
You grab the orc. You squeeze the orc.
You feel a bit better.
You kill the orc!
The orc barely misses you.
The orc wizard hits you with a +0 dagger.
* * * LOW HITPOINT WARNING * * *
Unknown command.
Unknown command.
Unknown command.
You barely miss the orc wizard. You grab the orc wizard.
The orc wizard is moderately wounded.
You howl as the wereblood boils in your veins!
You constrict the orc wizard. The orc hits you with a +0 club.
You die...

....
...##
....#
#...#
#...#
#r..# #
#oo##....
#@)......
#........
#######..


You could see an orc wizard, an orc and a quokka.

Vanquished Creatures
  A hound (D:3)
  Natasha (thrice) (D:2)
  2 gnolls (D:3)
  6 adders
  A worm (D:2)
  9 orcs
  5 endoplasms
  2 giant cockroaches
  3 hobgoblins
  4 jackals (D:2)
  2 quokkas (D:2)
  5 ball pythons
  5 bats
  3 goblins
  3 kobolds
  6 rats
60 creatures vanquished.

Notes
Turn   | Place    | Note
-------+----------+-------------------------------------------
     0 | D:1      | HendSelp the Octopode Transmuter began the quest for the
                  | Orb.
     0 | D:1      | Reached XP level 1. HP: 13/13 MP: 3/3
   744 | D:1      | Reached XP level 2. HP: 18/18 MP: 3/5
   747 | D:1      | Learned a level 2 spell: Wereblood
   803 | D:1      | Found a faded altar of an unknown god.
  1074 | D:1      | Found Wosmi's Weapon Shop.
  1504 | D:2      | Reached XP level 3. HP: 19/23 MP: 4/6
  2265 | D:2      | Reached XP level 4. HP: 24/28 MP: 8/8
  2359 | D:2      | Noticed Natasha
  2368 | D:2      | Killed Natasha
  2574 | D:2      | Noticed Natasha
  2579 | D:2      | Killed Natasha
  2580 | D:2      | Reached skill level 4 in Unarmed Combat
  2681 | D:2      | Noticed Natasha
  2687 | D:2      | Killed Natasha
  2688 | D:2      | Reached XP level 5. HP: 26/33 MP: 7/9
  3127 | D:3      | Learned a level 3 spell: Spider Form
  3248 | D:3      | Reached XP level 6. HP: 38/38 MP: 10/10
  4125 | D:4      | HP: 1/38 [orc wizard/+0 dagger (4)]
  4126 | D:4      | Slain by an orc

Illustrated notes

Levels and vault maps discovered:
D:1:      dpeg_arrival_water_fire, layout_basic, serial_shops,
          nicolae_lakefront_shop, shapermc_ecumenical_altar_venn,
          nrook_loot_triangle
D:2:      layout_basic, st_stairs_12, uniq_natasha
D:3:      layout_loops_ring
D:4:      layout_gridville, jmf_multi_god_temple, nicolae_ossuary_entry_ruins

Skill      XL: |  1  2  3  4 |
---------------+-------------+-----
Unarmed Combat | 4 |  4.5
Transmutations | 3 |  3.7
Spellcasting   | 3 |  3.2
Fighting       | |  1.1
Dodging        | |  2.5

Action                   |  1- 3 |  4- 6 || total
-------------------------+-------+-------++-------
Melee: Unarmed           |    62 |    63 ||   125
       Kick              |    16 |    14 ||    30
       Constrict         |    12 |    14 ||    26
       Tentacles         |     8 |    14 ||    22
       Punch             |     1 |     1 ||     2
 Cast: Beastly Appendage |    17 |    18 ||    35
       Wereblood         |       |     3 ||     3
Evoke: Wand              |       |     4 ||     4
  Use: Scroll            |     5 |     4 ||     9
       Potion            |       |     6 ||     6
 Stab: Sleeping          |     5 |     3 ||     8
Armor: Skin              |     5 |    16 ||    21
Dodge: Dodged            |    33 |    23 ||    56

Table legend: (Time is in decaauts)
 A = Elapsed time spent in this place.
 B = Non-inter-level travel time spent in this place.
 C = Inter-level travel time spent in this place.
 D = Time resting spent in this place.
 E = Time spent auto-exploring this place.
 F = Levels seen in this place.
 G = Mean time per level.
                   A        B        C        D        E       F      G
               +--------+--------+--------+--------+--------+-----+--------+
         Total |   4118 |   4001 |    117 |    296 |   3280 |   4 | 1029.5 |
       Dungeon |   4118 |   4001 |    117 |    296 |   3280 |   4 | 1029.5 |
               +--------+--------+--------+--------+--------+-----+--------+

Top non-repeatable levels by time:
     D:2: 1594 daAuts
     D:1: 1482 daAuts
     D:3: 1031 daAuts
     D:4: 10 daAuts
